 Dungeon Crawl Stone Soup version 0.28-a0-1312-g71652a0310 (webtiles) character file.

Game seed: 7169576642038860477

74 bande the Skirmisher (level 4, -2/29 HPs)
             Began as a Gargoyle Fighter on Dec 28, 2021.
             Slain by an iguana (11 damage)
             ... on level 4 of the Dungeon.
             The game lasted 00:03:36 (2637 turns).

bande the Skirmisher (Gargoyle Fighter)             Turns: 2637, Time: 00:03:37

Health: -2/29      AC: 13    Str: 19    XL:     4   Next: 30%
Magic:  4/4        EV:  7    Int:  9    God:
Gold:   153        SH:  4    Dex: 11    Spells: 3/3 levels left

rFire   . . .      SeeInvis .   a - +0 war axe
rCold   . . .      Faith    .   c - +0 buckler
rNeg    + . .      Spirit   .   k - +0 chain mail
rPois   ∞          Reflect  .   (no helmet)
rElec   +          Harm     .   (no cloak)
rCorr   .          Rampage  .   (no gloves)
Will    .....                   (no boots)
Stlth   ..........              (no amulet)
HPRegen 0.09/turn               (no ring)
MPRegen 0.09/turn               (no ring)

@: no status effects
A: sickness immunity, AC +3, negative energy resistance 1, electricity
resistance, torment resistance 1, petrification resistance
a: no special abilities


You were on level 4 of the Dungeon.
You visited 1 branch of the dungeon, and saw 4 of its levels.

You collected 153 gold pieces.

Inventory:

Hand Weapons
 a - a +0 war axe (weapon)
 m - a +0 flail
Armour
 c - a +0 buckler (worn)
 k - a +0 chain mail (worn)
Jewellery
 l - a ring of flight
Wands
 e - a wand of digging (5)
Scrolls
 j - 2 scrolls of blinking
 n - a scroll of immolation {unknown}
Potions
 b - a potion of brilliance {unknown}
 d - 2 potions of might
 f - 3 potions of haste {unknown}
 g - a potion of mutation {unknown}
 h - 2 potions of attraction {unknown}
 i - 3 potions of curing {unknown}


   Skills:
 + Level 4.0 Fighting
 + Level 2.7 Axes
 + Level 3.9 Armour
 + Level 3.5 Shields
 * Level 0.3 Evocations


You had 3 spell levels left.
You didn't know any spells.
Your spell library contained the following spells:

 Spells                   Type           Power      Damage    Failure   Level
 Wereblood                Tmut           0%         N/A       100%        2
 Fireball                 Conj/Fire      0%         3d3       100%        5
 Starburst                Conj/Fire      0%         6d3       100%        6
 Summon Hydra             Summ           0%         N/A       100%        7
 Ignition                 Fire           0%         3d3       100%        8
 Sublimation of Blood     Necr           Unusable   N/A       N/A         2

Dungeon Overview and Level Annotations

Branches:
Dungeon (4/15)
 Temple: D:4-7

Altars:

Shops:
D:2 [


Innate Abilities, Weirdness & Mutations

You are immune to sickness and miasma.
Your stone body is resilient. (AC +3)
You are immune to poison.
You resist negative energy. (rN+)
You are resistant to electric shocks. (rElec)
You are resistant to unholy torment.
You are immune to petrification.


Message History

The ball python bites you but does no damage.
The ball python grabs you. The ball python constricts you.
The ball python bites you but does no damage.
The ball python constricts you.
You barely miss the ball python.
An iguana comes into view.
The ball python bites you but does no damage.
The ball python constricts you.
The iguana hisses angrily.
You slash the ball python!
You kill the ball python!
The adder bites you but does no damage.
You hit the adder.
The adder is heavily wounded.
The adder bites you. The adder bites you but does no damage.
You closely miss the adder.
The adder is heavily wounded.
The adder barely misses you. You block the adder's attack.
The iguana barely misses you.
You closely miss the adder.
The adder is heavily wounded.
You hit the iguana but do no damage. The adder closely misses you.
The iguana bites you but does no damage.
The adder bites you.
You barely miss the adder.
The adder is heavily wounded.
You closely miss the iguana. The iguana barely misses you.
The adder bites you but does no damage. You block the iguana's attack.
You barely miss the adder.
The adder is heavily wounded.
You hit the iguana. The adder bites you.
The adder bites you but does no damage. The iguana bites you!
You hit the adder.
The adder is almost dead.
You hit the iguana. The adder bites you. The iguana bites you.
You block the adder's attack.
You slash the adder!
You kill the adder!
You hit the iguana but do no damage. The iguana bites you!
You die...

... #.... .## ....
..# ... ..#
.####.####..#
............#
#......†l..#
###.#....@...# ...
....#...:....#
.... #..#.##..####
....# #.#........#
.....##..........#
.#..........<....#
.............)...#
#..........(....#
#....†...<......#


You could see an iguana.

Vanquished Creatures
  2 adders
  2 dart slugs
  An orc (D:3)
  2 bats (D:1)
  8 endoplasms
  3 giant cockroaches
  3 jackals (D:1)
  8 kobolds
  6 quokkas
  6 ball pythons
  6 frilled lizards
  4 goblins
  6 rats
57 creatures vanquished.

Notes
Turn   | Place    | Note
-------+----------+-------------------------------------------
     0 | D:1      | bande the Gargoyle Fighter began the quest for the Orb.
     0 | D:1      | Reached XP level 1. HP: 14/14 MP: 1/1
   207 | D:1      | Reached XP level 2. HP: 17/20 MP: 2/2
   665 | D:1      | Reached XP level 3. HP: 21/24 MP: 3/3
  1234 | D:2      | Reached skill level 4 in Fighting
  1465 | D:2      | Found a faded altar of an unknown god.
  1550 | D:2      | Found Oniuw's Antique Armour Shoppe.
  1905 | D:3      | Reached XP level 4. HP: 29/29 MP: 4/4
  2637 | D:4      | Slain by an iguana

Illustrated notes

Levels and vault maps discovered:
D:1:      beargit_arrival_greenhouse, layout_basic, roderic_st_hans_cross,
          serial_bayou_lagoon_a
D:2:      layout_loops_cross, ebering_ecumenical_altar_sacrificial,
          serial_shops, nicolae_square_shop, chequers_serial_rivers_small_b,
          minmay_circled_x
D:3:      layout_rooms
D:4:      layout_rooms, old_standard_altar, nrook_uturn, minmay_statues_item,
          hangedman_decor_peaks_small

Skill      XL: |  1  2  3 |
---------------+----------+-----
Axes           | 2 |  2.7
Fighting       | 4 |  4.0
Armour         | |  3.9
Shields        | |  3.5
Evocations     | |  0.3

Action                   |  1- 3 |  4- 6 || total
-------------------------+-------+-------++-------
Melee: War axe           |   123 |    25 ||   148
  Use: Scroll            |     4 |     1 ||     5
Armor: Scale mail        |    85 |       ||    85
       Chain mail        |     4 |    14 ||    18
Dodge: Dodged            |    77 |     6 ||    83
Block: Buckler           |    28 |     6 ||    34

Table legend: (Time is in decaauts)
 A = Elapsed time spent in this place.
 B = Non-inter-level travel time spent in this place.
 C = Inter-level travel time spent in this place.
 D = Time resting spent in this place.
 E = Time spent auto-exploring this place.
 F = Levels seen in this place.
 G = Mean time per level.
                   A        B        C        D        E       F      G
               +--------+--------+--------+--------+--------+-----+--------+
         Total |   2704 |   2662 |     42 |    699 |   1486 |   4 |  676.0 |
       Dungeon |   2704 |   2662 |     42 |    699 |   1486 |   4 |  676.0 |
               +--------+--------+--------+--------+--------+-----+--------+

Top non-repeatable levels by time:
     D:1: 1249 daAuts
     D:3: 769 daAuts
     D:2: 657 daAuts
     D:4: 28 daAuts
